 Dungeon Crawl Stone Soup version 0.30.0-15-g856e2d3f33 (webtiles) character file.

Game seed: 9260293913352901765

2372 qw the Cleaver (level 9, -6/57 HPs)
             Began as a Gargoyle Cinder Acolyte on May 18, 2023.
             Was a Priest of Ignis.
             Splashed by a brown ugly thing's acid (9 damage)
             ... on level 6 of the Dungeon.
             The game lasted 00:02:25 (4784 turns).

qw the Cleaver (Gargoyle Cinder Acolyte)            Turns: 4784, Time: 00:02:25

Health: -6/57      AC: 17    Str: 22    XL:     9   Next: 45%
Magic:  10/10      EV:  9    Int: 15    God:    Ignis [***...]
Gold:   407        SH:  0    Dex: 12    Spells: 10/10 levels left

rFire   + . .        Y - +3 war axe
rCold   . . .        (no shield)
rNeg    + . .        f - +0 chain mail
rPois   inf          (no helmet)
rElec   +            (no cloak)
rCorr   .            l - +0 pair of gloves
SInv    +            k - +0 pair of boots "Paticap" {Dex+7}
Will    +....        m - amulet of the acrobat Stlth
                     g - ring of willpower
HPRegen 0.29/turn    j - ring of see invisible
MPRegen 0.12/turn

%: acrobat, clarity
@: about to teleport, corroded, fiery-armoured
A: sickness immunity, AC +6, negative energy resistance 1, electricity
resistance, torment resistance 1, petrification resistance, clarity, wild magic
1
a: Renounce Religion, Fiery Armour, Foxfire Swarm, Rising Flame


You were on level 6 of the Dungeon.
You worshipped Ignis.
Ignis was most pleased with you.
You visited 1 branch of the dungeon, and saw 6 of its levels.

You collected 407 gold pieces.


Innate Abilities, Weirdness & Mutations

You are immune to sickness and miasma.
Your stone body is resilient. (AC +6)
You are immune to poison.
You resist negative energy. (rN+)
You are resistant to electric shocks. (rElec)
You are resistant to unholy torment.
You are immune to petrification.
You possess an exceptional clarity of mind.
Your spells are a little harder to cast, but a little more powerful.


   Skills:
 - Level 7.0 Fighting
 + Level 9.0 Axes
 - Level 0.8 Throwing
 - Level 5.1 Armour
 - Level 2.1 Dodging
 - Level 1.0 Spellcasting
 - Level 3.0 Fire Magic


You had 10 spell levels left.
You didn't know any spells.
Your spell library contained the following spells:

 Spells                   Type           Power      Damage    Failure   Level
 Scorch                   Fire           24%        2d6       63%         2

Inventory:

Hand Weapons
 d - a +0 hand axe of flaming
 Y - a +3 war axe (weapon)
Armour
 f - a +0 chain mail (worn)
 k - the +0 pair of boots "Paticap" (worn) {Dex+7}
   (You found it on level 3 of the Dungeon)

   Dex:       It affects your dexterity (+7).
 l - a +0 pair of gloves (worn)
Jewellery
 g - a ring of willpower (left hand)
 j - a ring of see invisible (right hand)
 m - an amulet of the acrobat (around neck)
Scrolls
 b - a scroll of amnesia {unknown}
 c - a scroll of identify
 e - a scroll of enchant armour {unknown}
 h - a scroll of immolation {unknown}
 i - a scroll of blinking {unknown}
 o - a scroll of fog {unknown}
Potions
 a - 3 potions of heal wounds
 p - a potion of ambrosia {unknown}
 q - a potion of resistance

Dungeon Overview and Level Annotations

Branches:
Dungeon (6/15)             Temple (0/1) D:5

Altars:
Gozag
Nemelex Xobeh
Okawaru
Uskayaw
Wu Jian
Zin

Shops:
D:1 *:

Annotations:
D:5 1 runed translucent door, qw's ghost, novice GrCA


Message History

The brown ugly thing is lightly wounded.
The brown ugly thing trunk-slaps you but does no damage.
You hit the brown ugly thing but do no damage.
The brown ugly thing is lightly wounded.
The brown ugly thing trunk-slaps you but does no damage.
You hit the brown ugly thing.
The brown ugly thing is lightly wounded.
The brown ugly thing barely misses you.
The orc wizard casts a spell.
The orc wizard flickers and vanishes for a moment.
You hit the brown ugly thing.
The brown ugly thing is moderately wounded.
The brown ugly thing trunk-slaps you but does no damage.
You closely miss the brown ugly thing. Your punch misses the brown ugly thing.
The brown ugly thing is moderately wounded.
The brown ugly thing trunk-slaps you. The acid corrodes you!
You are splashed with acid!
4781 ||| INVOKING Fiery Armour.
A protective cloak of flame settles atop you.
The brown ugly thing trunk-slaps you.
You are splashed with acid!
The brown ugly thing is burned by your cloak of flames.
The brown ugly thing is moderately wounded.
You closely miss the brown ugly thing.
The brown ugly thing is moderately wounded.
The brown ugly thing trunk-slaps you but does no damage.
The brown ugly thing is burned by your cloak of flames.
The brown ugly thing is moderately wounded.
The brown ugly thing trunk-slaps you but does no damage.
The brown ugly thing is burned by your cloak of flames.
The brown ugly thing is moderately wounded.
You slash the brown ugly thing!
The brown ugly thing is heavily wounded.
The brown ugly thing trunk-slaps you.
You are splashed with acid!
The brown ugly thing is burned by your cloak of flames.
The brown ugly thing is heavily wounded.
4784 ||| READING scroll of teleportation.
As you read the scroll of teleportation, it crumbles to dust.
You feel strangely unstable. The brown ugly thing trunk-slaps you.
You are splashed with acid!
You die...

....## #.......................
.....# #.####.....####.........
.....# #.#..##...##..#.........
.#..## #.#...##.##...#.........
.#### ####.##...#.#...##.#.......
.# #.....##.)#.#%.##..#.###### ##
#......###...###.....# # #
#..........8........## ## #
#......###@..###...## ####. ##
##....##lu#.#'.##..####.... .###
#...##.ho#.#...##........# ...###
#...#...##.##...#........#
##...####..#/.##...##.)#.#####..#
##.....##..####.....####.# ##.##
#...#....................# #..#
..................######## ##.##
................### #### #..#


You could see a brown ugly thing, a black bear, a wyvern and an orc wizard
(invisible).

Vanquished Creatures
  A steam dragon (D:6)
  Menkaure (D:5)
  2 water moccasins
  An ice beast (D:6)
  A sky beast (D:5)
  3 black bears (D:6)
  4 ogres
  2 phantoms
  3 bullfrogs
  5 scorpions
  3 hounds
  A jelly (D:6)
  3 orc priests
  An iguana (D:4)
  5 orc wizards
  9 adders
  A shadow imp (D:6)
  4 white imps
  2 worms
  2 dart slugs
  12 orcs
  4 ball pythons
  2 bats (D:1)
  4 endoplasms
  8 giant cockroaches
  8 goblins
  2 hobgoblins (D:1)
  2 jackals (D:1)
  5 kobolds
  4 quokkas
  2 frilled lizards
  4 rats
111 creatures vanquished.

Notes
Turn   | Place    | Note
-------+----------+-------------------------------------------
     0 | D:1      | qw the Gargoyle Cinder Acolyte began the quest for the Orb.
     0 | D:1      | Reached XP level 1. HP: 14/14 MP: 2/2
     0 | D:1      | 0 ||| qw: Version: 0.2-a-95-gc95f03d
     0 | D:1      | 0 ||| qw: Game counter: 57
     0 | D:1      | 0 ||| qw: Always use a shield: true
     0 | D:1      | 0 ||| qw: God list: Okawaru
     0 | D:1      | 0 ||| qw: Allow faded altars: false
     0 | D:1      | 0 ||| qw: Do Orc after D:15 true
     0 | D:1      | 0 ||| qw: Do second Lair branch before Depths: true
     0 | D:1      | 0 ||| qw: Lair rune preference: random
     0 | D:1      | 0 ||| qw: Plans: Normal
     0 | D:1      | 0 ||| PLANNING D:1-11
    29 | D:1      | Reached skill level 3 in Axes
   116 | D:1      | Found Jafaar's Book Boutique.
   120 | D:1      | 120 ||| Stepping ~*~*~tactically~*~*~ (stealth).
   123 | D:1      | Reached XP level 2. HP: 19/19 MP: 3/3
   130 | D:1      | Found Kybbeff's General Store.
   139 | D:1      | 139 ||| SHOPLISTING potion of curing (42 gold, have 18).
   139 | D:1      | 139 ||| SHOPLISTING scroll of acquirement (728 gold, have
                  | 18).
   139 | D:1      | 139 ||| SHOPLISTING scroll of teleportation (42 gold, have
                  | 18).
   687 | D:1      | 687 ||| UPGRADING to +0 ring mail.
   697 | D:1      | 697 ||| DROPPING +0 robe.
   698 | D:1      | 698 ||| UPGRADING to +0 chain mail.
   708 | D:1      | 708 ||| DROPPING +0 ring mail.
   709 | D:1      | 709 ||| UPGRADING to ring of willpower.
   710 | D:1      | 710 ||| READING scroll labelled QOSHROO XETEGH.
   789 | D:2      | Reached skill level 1 in Armour
   789 | D:2      | Reached XP level 3. HP: 22/23 MP: 4/4
  1259 | D:2      | 1259 ||| UPGRADING to +0 pair of gloves.
  1264 | D:2      | 1264 ||| UPGRADING to amulet of the acrobat.
  1269 | D:2      | 1269 ||| UPGRADING to ring of see invisible.
  1270 | D:2      | 1270 ||| READING scroll labelled JAONOWKENIU.
  1271 | D:2      | 1271 ||| READING scroll labelled KIRGHIAC LU WUTZ.
  1272 | D:2      | 1272 ||| READING scroll labelled ULEUKHLA TOGEWU.
  1273 | D:2      | 1273 ||| READING scroll labelled BOEMAIKINNA.
  1274 | D:2      | 1274 ||| DRINKING 2 ruby potions.
  1414 | D:3      | 1414 ||| Stepping ~*~*~tactically~*~*~ (hiding).
  1425 | D:3      | 1425 ||| INVOKING Fiery Armour.
  1427 | D:3      | Reached skill level 4 in Axes
  1427 | D:3      | Reached XP level 4. HP: 25/28 MP: 5/5
  1502 | D:3      | 1502 ||| Stepping ~*~*~tactically~*~*~ (stealth).
  1504 | D:3      | 1504 ||| Stepping ~*~*~tactically~*~*~ (stealth).
  1507 | D:3      | 1507 ||| Stepping ~*~*~tactically~*~*~ (stealth).
  1513 | D:3      | Reached XP level 5. HP: 28/32 MP: 6/6
  1540 | D:3      | 1540 ||| Stepping ~*~*~tactically~*~*~ (hiding).
  1541 | D:3      | 1541 ||| Stepping ~*~*~tactically~*~*~ (hiding).
  1617 | D:3      | Identified the +0 pair of boots "Paticap" {Dex+7}
  1669 | D:3      | 1669 ||| Stepping ~*~*~tactically~*~*~ (hiding).
  1790 | D:3      | 1790 ||| Stepping ~*~*~tactically~*~*~ (stealth).
  2117 | D:3      | 2117 ||| UPGRADING to +0 pair of boots "Paticap" {Dex+7}.
  2122 | D:3      | 2122 ||| READING scroll labelled DEF IMOCUIQ.
  2123 | D:3      | 2123 ||| DRINKING 2 clear potions.
  2123 | D:3      | Gained mutation: You occasionally lose the ability to read
                  | scrolls when taking damage. [potion of mutation]
  2123 | D:3      | Gained mutation: You are agile. (Dex +4, Str/Int -1)
                  | [potion of mutation]
  2124 | D:3      | 2124 ||| DRINKING potion of mutation.
  2124 | D:3      | Lost mutation: You are agile. (Dex +4, Str/Int -1) [potion
                  | of mutation]
  2124 | D:3      | Lost mutation: You occasionally lose the ability to read
                  | scrolls when taking damage. [potion of mutation]
  2124 | D:3      | Gained mutation: You possess an exceptional clarity of
                  | mind. [potion of mutation]
  2124 | D:3      | Gained mutation: Your spells are a little harder to cast,
                  | but a little more powerful. [potion of mutation]
  2195 | D:4      | Reached skill level 5 in Axes
  2195 | D:4      | Reached XP level 6. HP: 23/37 MP: 7/7
  2252 | D:4      | 2252 ||| Stepping ~*~*~tactically~*~*~ (stealth).
  2261 | D:4      | 2261 ||| INVOKING Fiery Armour.
  2270 | D:4      | Reached skill level 1 in Dodging
  2316 | D:4      | 2316 ||| SWAPPING to +0 war axe.
  2579 | D:4      | Reached skill level 3 in Armour
  2615 | D:4      | 2615 ||| Stepping ~*~*~tactically~*~*~ (hiding).
  2845 | D:4      | 2845 ||| Stepping ~*~*~tactically~*~*~ (stealth).
  2969 | D:4      | Reached XP level 7. HP: 43/43 MP: 8/8
  2983 | D:4      | 2983 ||| READING scroll of enchant weapon.
  2983 | D:4      | 2983 ||| ENCHANTING +0 war axe.
  3013 | D:4      | Found an iron altar of Okawaru.
  3016 | D:4      | Found an ornate altar of the Wu Jian Council.
  3021 | D:4      | Found a hide-covered altar of Uskayaw.
  3105 | D:4      | 3105 ||| INVOKING Fiery Armour.
  3105 | D:4      | HP: 10/43 [ogre/+0 giant club (3)]
  3106 | D:4      | 3106 ||| DRINKING potion of heal wounds.
  3111 | D:4      | Reached skill level 6 in Axes
  3188 | D:4      | 3188 ||| READING scroll labelled WYPPOE JAPTOI.
  3189 | D:4      | 3189 ||| READING 2 scrolls labelled MAGIGGA JYADIOPH.
  3193 | D:4      | 3193 ||| DRINKING 2 metallic purple potions.
  3194 | D:4      | 3194 ||| READING 4 scrolls of identify.
  3194 | D:4      | 3194 ||| IDENTIFYING sedimented clear potion
  3195 | D:4      | 3195 ||| READING 3 scrolls of identify.
  3195 | D:4      | 3195 ||| IDENTIFYING viscous yellow potion
  3196 | D:4      | 3196 ||| READING 2 scrolls of identify.
  3196 | D:4      | 3196 ||| IDENTIFYING viscous dark potion
  3197 | D:4      | 3197 ||| DROPPING potion of flight.
  3198 | D:4      | 3198 ||| DROPPING potion of attraction.
  3199 | D:4      | 3199 ||| DROPPING potion of invisibility.
  3200 | D:4      | 3200 ||| DROPPING potion of lignification.
  3239 | D:5      | Entered Level 5 of the Dungeon
  3242 | D:5      | Found a runed translucent door.
  3242 | D:5      | Noticed qw's ghost (novice GrCA)
  3251 | D:5      | 3251 ||| Stepping ~*~*~tactically~*~*~ (hiding).
  3319 | D:5      | 3319 ||| Stepping ~*~*~tactically~*~*~ (stealth).
  3384 | D:5      | 3384 ||| READING scroll of enchant weapon.
  3384 | D:5      | 3384 ||| ENCHANTING +1 war axe.
  3400 | D:5      | Found a staircase to the Ecumenical Temple.
  3402 | D:5      | 3402 ||| READING scroll of enchant weapon.
  3402 | D:5      | 3402 ||| ENCHANTING +2 war axe.
  3409 | D:5      | Found a sparkling altar of Nemelex Xobeh.
  3409 | D:5      | Found an opulent altar of Gozag.
  3422 | D:5      | Reached skill level 7 in Axes
  3435 | D:5      | Noticed Menkaure
  3444 | D:5      | 3444 ||| INVOKING Fiery Armour.
  3446 | D:5      | Killed Menkaure
  3447 | D:5      | Reached XP level 8. HP: 21/51 MP: 9/9
  3734 | D:5      | Found a glowing silver altar of Zin.
  3789 | D:5      | 3789 ||| READING 2 scrolls of identify.
  3789 | D:5      | 3789 ||| IDENTIFYING brown potion
  3790 | D:5      | 3790 ||| DROPPING potion of magic.
  3942 | D:6      | Reached skill level 8 in Axes
  4064 | D:6      | 4064 ||| Stepping ~*~*~tactically~*~*~ (stealth).
  4119 | D:6      | 4119 ||| INVOKING Fiery Armour.
  4251 | D:6      | Reached skill level 6 in Fighting
  4264 | D:6      | Reached XP level 9. HP: 52/56 MP: 10/10
  4542 | D:6      | 4542 ||| INVOKING Fiery Armour.
  4549 | D:6      | Reached skill level 9 in Axes
  4769 | D:6      | Noticed a brown ugly thing
  4781 | D:6      | 4781 ||| INVOKING Fiery Armour.
  4783 | D:6      | HP: 8/57 [acid (10)]
  4784 | D:6      | 4784 ||| READING scroll of teleportation.
  4784 | D:6      | HP: 3/57 [brown ugly thing (5)]
  4784 | D:6      | Splashed by a brown ugly thing's acid

Levels and vault maps discovered:
D:1:      kennysheep_arrival_forest, layout_basic, serial_shops, shop, shop,
          serial_curves, eino_curves_03, eino_curves_02
D:2:      layout_loops_cross, minmay_misc_feat_alley
D:3:      layout_basic, st_stairs_9
D:4:      layout_layer_cave, grunt_temple_overflow_diamond
D:5:      layout_rooms, grunt_temple_overflow_opulence,
          mainiacjoe_overflow_tiny_flanked,
          minmay_temple_entry_drinking_statues, gammafunk_ghost_grave,
          uniq_menkaure
D:6:      cheibrodos_barr_body, layout_cave_pods

Skill      XL: |  1  2  3  4  5  6  7  8  9 |
---------------+----------------------------+-----
Axes           | 3 4 5 7 8 9 |  9.0
Armour         | 1 2 3 4 5 |  5.1
Dodging        | 1 2 |  2.1
Fighting       | 4 5 6 7 |  7.0
Throwing       | |  0.8
Spellcasting   | |  1.0
Fire Magic     | |  3.0

Action                     |  1- 3 |  4- 6 |  7- 9 || total
---------------------------+-------+-------+-------++-------
  Melee: Hand axe          |    68 |   110 |       ||   178
         War axe           |       |    48 |   165 ||   213
         Punch             |       |       |     1 ||     1
  Throw: Javelin           |     9 |       |       ||     9
 Invoke: Fiery Armour      |     1 |     1 |     5 ||     7
    Use: Scroll            |     5 |     1 |    10 ||    16
         Potion            |     1 |     2 |     2 ||     5
 Armour: Robe              |    22 |       |       ||    22
         Chain mail        |    17 |    86 |   110 ||   213
  Dodge: Dodged            |    42 |    60 |    67 ||   169

Table legend:
 A = Non-vault XP
 B = Vault XP
 C = Vault XP percentage of total XP
 D = Non-vault monster count
 E = Vault monster count
 F = Vault count percentage of total count
                 A         B        C        D         E       F
            +---------+---------+-------+---------+---------+-------
      Total |    2321 |    1068 |  31.5 |      98 |      13 |  11.7
            +---------+---------+-------+---------+---------+-------
        D:1 |      31 |       0 |   0.0 |      16 |       0 |   0.0
        D:2 |      22 |       0 |   0.0 |       6 |       0 |   0.0
        D:3 |     207 |       4 |   1.9 |      28 |       2 |   6.7
        D:4 |     480 |       0 |   0.0 |      23 |       0 |   0.0
        D:5 |     702 |     175 |  20.0 |      14 |       1 |   6.7
        D:6 |     879 |     889 |  50.3 |      11 |      10 |  47.6
            +---------+---------+-------+---------+---------+-------
